Nordiques vs Bruins
Created - 13 janvier 2017 at 21:31
Goals
|
| Nordiques |
1 |
3 |
3 |
0 |
1 |
7 |
| Bruins |
4 |
0 |
3 |
0 |
2 |
8 |
|
Shots
|
| Nordiques |
14 |
8 |
18 |
1 |
4 |
41 |
| Bruins |
9 |
13 |
10 |
1 |
4 |
33 |
|
1st period
1. Bruins , Victor Oreskovich 14 (Chris Kelly) at 6:17
2. Nordiques , Michael Ryder 5 (Matt Moulson, Niklas Kronwall) at 10:11
3. Bruins , Chris Kelly 6 (Victor Oreskovich, Matt Cooke) at 16:28
4. Bruins , Mark Stuart 4 (Nate Prosser, Dave Bolland) at 18:21
5. Bruins , Jason Demers 2 (Wojtek Wolski, Henrik Sedin) at 18:33
Penalties :
Jean-Pierre Dumont (Que) for Hooking (Minor) at 0:48, Victor Oreskovich (Bos) for Holding (Minor) at 7:40, Vaclav Prospal (Que) for Hooking (Minor) at 11:46, Nate Prosser (Bos) for Hooking (Minor) at 12:49
2nd period
6. Nordiques , Nikita Kucherov 5 (Kyle Calder, Vaclav Prospal) at 10:42
7. Nordiques , Rich Peverley 6 (Chris Drury, T.J. Fast) at 17:32 (SH)
8. Nordiques , Jean-Pierre Dumont 14 (Dustin Byfuglien, Kyle Calder) at 19:45 (PP)
Penalties :
R.J. Umberger (Que) for Hooking (Minor) at 16:46, Erik Condra (Bos) for Holding (Minor) at 19:12
3rd period
9. Bruins , Henrik Sedin 23 (Wojtek Wolski) at 2:42
10. Bruins , Henrik Sedin 24 (Nate Prosser, Mark Stuart) at 14:00
11. Bruins , Dave Bolland 6 (Viktor Stalberg) at 14:35
12. Nordiques , Matt Moulson 10 (Niklas Kronwall, Michael Ryder) at 15:31
13. Nordiques , Rich Peverley 7 (Fedor Tyutin, Nikita Kucherov) at 18:13
14. Nordiques , Jarret Stoll 7 (Michael Ryder, Matt Moulson) at 19:37
Penalties :
Viktor Stalberg (Bos) for Roughing (Minor) at 19:48
Overtime #1
No Goal
Penalties :
No Penalty
Shootout
Penalty Shot by R.J. Umberger for Nordiques - Stopped by Roberto Luongo
Penalty Shot by Wojtek Wolski for Bruins - Stopped by Martin Brodeur
Penalty Shot by Chris Drury for Nordiques - Stopped by Roberto Luongo
Penalty Shot by Henrik Sedin for Bruins - Stopped by Martin Brodeur
Penalty Shot by Vaclav Prospal for Nordiques - Goal!
Penalty Shot by Daniel Sedin for Bruins - Goal!
Penalty Shot by Jean-Pierre Dumont for Nordiques - Stopped by Roberto Luongo
Penalty Shot by Victor Oreskovich for Bruins - Goal!
Penalties :
No Penalty
Goalie Stats
Martin Brodeur (Que), 26 saves from 33 shots - (0,788), OTL, 15-7-2, 64:46 minutes
Roberto Luongo (Bos), 34 saves from 41 shots - (0,829), W, 13-9-0, 65:00 minutes
Players Stats for Nordiques
Player Name G A P +/- PIM S H SB GA TA FO MP PP MP PK MP
------------------------------------------------------------------------------------
Chris Drury 0 1 1 -3 0 2 2 1 0 0 19/38 25:28 2:14 2:47
Dmitry Kulikov 0 0 0 1 0 2 1 0 1 1 0/0 23:29 1:32 1:54
Dustin Byfuglien 0 1 1 -5 0 0 3 1 1 1 0/0 27:06 2:14 0:00
Fedor Tyutin 0 1 1 -5 0 1 4 4 1 0 0/0 27:08 2:14 0:00
Jarret Stoll 1 0 1 3 0 1 0 0 0 0 3/11 13:40 0:00 1:46
Jean-Pierre Dumont 1 0 1 -4 2 6 3 0 1 0 0/0 22:08 1:27 0:00
Kyle Calder 0 2 2 -1 0 3 2 1 0 0 1/1 17:59 1:27 0:37
Mark Eaton 0 0 0 2 0 3 2 1 0 3 0/0 23:28 1:32 1:54
Matt Moulson 1 2 3 2 0 3 1 1 0 0 1/2 11:15 0:00 0:00
Michael Ryder 1 2 3 2 0 5 1 0 1 0 1/1 11:15 0:00 0:00
Nikita Kucherov 1 1 2 -1 0 4 0 0 0 0 0/2 19:08 2:19 0:00
Niklas Kronwall 0 2 2 2 0 0 1 0 0 0 0/0 14:24 0:00 3:07
Nikolai Kulemin 0 0 0 1 0 1 2 1 0 0 0/0 6:24 0:00 0:00
Pascal Dupuis 0 0 0 1 0 2 0 0 0 1 2/4 9:39 0:00 3:07
R.J. Umberger 0 0 0 -4 2 1 4 0 0 0 1/2 21:33 2:19 0:00
Rich Peverley 2 0 2 2 0 3 0 0 0 0 1/3 8:09 0:00 1:45
T.J. Fast 0 1 1 2 0 1 1 3 0 1 0/0 14:24 0:00 3:07
Vaclav Prospal 0 1 1 -1 2 3 1 0 0 0 4/14 17:23 1:32 0:00
Players Stats for Bruins
Player Name G A P +/- PIM S H SB GA TA FO MP PP MP PK MP
------------------------------------------------------------------------------------
Adam Pineault 0 0 0 -1 0 0 1 0 0 0 0/0 8:36 2:20 0:00
Andrew Alberts 0 0 0 2 0 2 3 0 1 2 0/0 32:25 2:55 4:05
Chris Kelly 1 1 2 0 0 5 1 0 1 0 13/19 17:21 2:20 0:00
Curtis Glencross 0 0 0 -1 0 2 0 0 1 1 0/0 8:27 0:33 0:30
Daniel Sedin 0 0 0 3 0 1 3 0 0 1 0/0 21:10 2:01 1:14
Dave Bolland 1 1 2 1 0 3 1 0 0 0 8/10 11:10 0:00 0:00
Daymond Langkow 0 0 0 -1 0 0 0 1 0 0 0/1 7:36 0:00 0:35
Erik Condra 0 0 0 1 2 1 2 1 0 0 0/0 11:17 0:04 0:00
Henrik Sedin 2 1 3 1 0 5 2 0 0 1 17/35 25:00 2:27 2:54
Jason Demers 1 0 1 2 0 3 1 0 1 0 0/0 32:25 2:55 4:05
Jonathan Sigalet 0 0 0 -1 0 1 0 1 1 0 0/0 12:18 0:00 1:24
Justin Falk 0 0 0 -1 0 0 0 0 0 0 0/0 11:04 0:00 0:05
Mark Stuart 1 1 2 0 0 1 1 1 0 0 0/0 22:02 2:06 1:29
Matt Cooke 0 1 1 0 0 2 3 1 0 0 0/0 15:53 0:16 0:00
Nate Prosser 0 2 2 0 2 0 1 0 0 0 0/0 19:46 2:05 0:00
Victor Oreskovich 1 1 2 -2 2 3 2 1 1 0 2/2 20:02 2:37 0:35
Viktor Stalberg 0 1 1 1 2 0 0 0 0 0 0/1 11:30 0:00 0:00
Wojtek Wolski 0 2 2 1 0 4 4 1 1 0 5/10 25:24 2:25 3:32
3 Stars
1 - Henrik Sedin (Bos)
2 - Matt Moulson (Que)
3 - Michael Ryder (Que)
Power Play
Nordiques - 1 on 4 Attempt(s) - 25,00%
Bruins - 0 on 3 Attempt(s) - 0,00%
Penalty Kill
Nordiques - 3 on 3 Attempt(s) - 100,00%
- Score 1 goal in Penalty Kill
Bruins - 3 on 4 Attempt(s) - 75,00%
- Score 0 goal in Penalty Kill
Team Stat
Nordiques - Hits : 28 - Faceoff Wins : 33 - Blocked Shots : 13 - Penalty Minutes : 6
Bruins - Hits : 25 - Faceoff Wins : 45 - Blocked Shots : 7 - Penalty Minutes : 8
Official
Referees : Kimmerly Greg and StLaurent Francois
Linesman : Mike Cvik and Scott Cherrey
Game Notes
No Game Note
Finance
Level 1 -- Attendance: 4323 (72,05%) -- Ticket Income 427 977 $
Level 2 -- Attendance: 3343 (66,86%) -- Ticket Income 197 237 $
Level 3 -- Attendance: 1846 (92,30%) -- Ticket Income 53 534 $
Level 4 -- Attendance: 3963 (99,08%) -- Ticket Income 75 297 $
Luxury Box -- Attendance: 718 (71,80%) -- Ticket Income 135 702 $
Game was played at the TD Banknorth Garden.
Total Attendance: 14193 (78,85%)
Total Ticket Income: 889 747 $
Other Income: 133 462 $
Total Income: 1 023 209 $
Nordiques
5 vs 5 Forward
Center Left Wing Right Wing Time % Phy DF OF
1 Chris Drury R.J. Umberger Jean-Pierre Dumont 40 0 0 5
2 Vaclav Prospal Kyle Calder Nikita Kucherov 30 0 0 5
3 Jarret Stoll Matt Moulson Michael Ryder 20 0 0 5
4 Rich Peverley Nikolai Kulemin Pascal Dupuis 10 0 0 5
5 vs 5 Defense
Defense Defense Time % Phy DF OF
1 Fedor Tyutin Dustin Byfuglien 40 1 1 3
2 Mark Eaton Dmitry Kulikov 30 1 1 3
3 T.J. Fast Niklas Kronwall 20 1 3 1
4 Fedor Tyutin Dustin Byfuglien 10 1 1 3
PowerPlay Forward
Center Left Wing Right Wing Time % Phy DF OF
1 Chris Drury R.J. Umberger Nikita Kucherov 60 0 0 5
2 Vaclav Prospal Kyle Calder Jean-Pierre Dumont 40 0 0 5
PowerPlay Defense
Defense Defense Time % Phy DF OF
1 Fedor Tyutin Dustin Byfuglien 60 1 0 4
2 Mark Eaton Dmitry Kulikov 40 1 0 4
Penalty Kill 4 Players Forward
Center Wing Time % Phy DF OF
1 Pascal Dupuis Chris Drury 60 1 3 1
2 Jarret Stoll Rich Peverley 40 1 3 1
Penalty Kill 4 Players Defense
Defense Defense Time % Phy DF OF
1 T.J. Fast Niklas Kronwall 60 2 3 0
2 Mark Eaton Dmitry Kulikov 40 2 3 0
Penalty Kill - 3 Players Forward
Forward Time % Phy DF OF
1 Pascal Dupuis 60 1 4 0
2 Jarret Stoll 40 2 3 0
Penalty Kill - 3 Players Defense
Defense Defense Time % Phy DF OF
1 T.J. Fast Niklas Kronwall 60 1 4 0
2 Dustin Byfuglien Dmitry Kulikov 40 1 4 0
4 vs 4 Forward
Center Wing Time % Phy DF OF
1 Chris Drury Jean-Pierre Dumont 60 1 1 3
2 Vaclav Prospal Nikita Kucherov 40 1 1 3
4 vs 4 Defense
Defense Defense Time % Phy DF OF
1 Mark Eaton Dmitry Kulikov 60 1 3 1
2 Fedor Tyutin Dustin Byfuglien 40 1 3 1
Last Minutes Offensive
Center Left Wing Right Wing Defense Defense
Chris Drury R.J. Umberger Nikita Kucherov Dustin Byfuglien Dmitry Kulikov
Last Minutes Defensive
Center Left Wing Right Wing Defense Defense
Pascal Dupuis Rich Peverley Vaclav Prospal T.J. Fast Niklas Kronwall
Goaltenders
Starting : Martin Brodeur
Backup : Julien Ellis
Extra Forwards
Normal : Chris Drury, Nikita Kucherov, R.J. Umberger - PP : Chris Drury, Jean-Pierre Dumont - PK : Rich Peverley
Extra Defensemen
Normal : Fedor Tyutin, Mark Eaton, Dustin Byfuglien - PP : Fedor Tyutin - PK : Dmitry Kulikov, T.J. Fast
Penalty Shots
R.J. Umberger, Chris Drury, Vaclav Prospal, Jean-Pierre Dumont, Kyle Calder
Bruins
5 vs 5 Forward
Center Left Wing Right Wing Time % Phy DF OF
1 Henrik Sedin Wojtek Wolski Daniel Sedin 40 1 2 2
2 Chris Kelly Matt Cooke Victor Oreskovich 30 1 2 2
3 Dave Bolland Viktor Stalberg Erik Condra 20 1 2 2
4 Daymond Langkow Curtis Glencross Adam Pineault 10 1 2 2
5 vs 5 Defense
Defense Defense Time % Phy DF OF
1 Jason Demers Andrew Alberts 40 1 2 2
2 Nate Prosser Mark Stuart 30 1 2 2
3 Justin Falk Jonathan Sigalet 20 1 2 2
4 Jason Demers Andrew Alberts 10 1 2 2
PowerPlay Forward
Center Left Wing Right Wing Time % Phy DF OF
1 Henrik Sedin Wojtek Wolski Victor Oreskovich 60 1 2 2
2 Chris Kelly Daniel Sedin Adam Pineault 40 1 2 2
PowerPlay Defense
Defense Defense Time % Phy DF OF
1 Jason Demers Andrew Alberts 60 1 2 2
2 Nate Prosser Mark Stuart 40 1 2 2
Penalty Kill 4 Players Forward
Center Wing Time % Phy DF OF
1 Wojtek Wolski Henrik Sedin 60 1 2 2
2 Daniel Sedin Victor Oreskovich 40 1 2 2
Penalty Kill 4 Players Defense
Defense Defense Time % Phy DF OF
1 Jason Demers Andrew Alberts 60 1 2 2
2 Jonathan Sigalet Mark Stuart 40 1 2 2
Penalty Kill - 3 Players Forward
Forward Time % Phy DF OF
1 Wojtek Wolski 60 1 2 2
2 Henrik Sedin 40 1 2 2
Penalty Kill - 3 Players Defense
Defense Defense Time % Phy DF OF
1 Jason Demers Andrew Alberts 60 1 2 2
2 Jonathan Sigalet Mark Stuart 40 1 2 2
4 vs 4 Forward
Center Wing Time % Phy DF OF
1 Wojtek Wolski Henrik Sedin 60 1 2 2
2 Daniel Sedin Victor Oreskovich 40 1 2 2
4 vs 4 Defense
Defense Defense Time % Phy DF OF
1 Jason Demers Andrew Alberts 60 1 2 2
2 Nate Prosser Mark Stuart 40 1 2 2
Last Minutes Offensive
Center Left Wing Right Wing Defense Defense
Henrik Sedin Wojtek Wolski Victor Oreskovich Jason Demers Andrew Alberts
Last Minutes Defensive
Center Left Wing Right Wing Defense Defense
Henrik Sedin Wojtek Wolski Victor Oreskovich Jason Demers Andrew Alberts
Goaltenders
Starting : Roberto Luongo
Backup : Karri Ramo
Extra Forwards
Normal : Curtis Glencross, Matt Cooke, Daymond Langkow - PP : Curtis Glencross, Matt Cooke - PK : Daymond Langkow
Extra Defensemen
Normal : Nate Prosser, Mark Stuart, Justin Falk - PP : Jonathan Sigalet - PK : Justin Falk, Nate Prosser
Penalty Shots
Wojtek Wolski, Henrik Sedin, Daniel Sedin, Victor Oreskovich, Chris Kelly
% Time on Ice - Nordiques
Lines # - Real PCT - Wanted PCT - Time Play
Normal Forward
1 - 35% - 40% - 17:48
2 - 29% - 30% - 14:50
3 - 22% - 20% - 11:15
4 - 13% - 10% - 6:24
Normal Defense
1 - 40% - 40% - 20:10
2 - 34% - 30% - 16:54
3 - 22% - 20% - 10:55
4 - 5% - 10% - 2:18
PP Forward
1 - 59% - 60% - 2:14
2 - 41% - 40% - 1:32
PP Defense
1 - 57% - 60% - 2:09
2 - 43% - 40% - 1:37
PK Forward
1 - 71% - 60% - 3:33
2 - 29% - 40% - 1:28
PK Defense
1 - 62% - 60% - 3:07
2 - 38% - 40% - 1:54
PK3 Forward
1 - 0% - 60%
2 - 0% - 40%
PK3 Defense
1 - 0% - 60%
2 - 0% - 40%
44 Forward
1 - 80% - 60% - 4:44
2 - 20% - 40% - 1:12
44 Defense
1 - 56% - 60% - 3:20
2 - 44% - 40% - 2:36
Last Minute Offensive - 0:00
Last Minute Defensive - 0:00
Total
Forward - 65:00
Defense - 65:00
|
% Time on Ice - Bruins
Lines # - Real PCT - Wanted PCT - Time Play
Normal Forward
1 - 34% - 40% - 17:05
2 - 30% - 30% - 15:04
3 - 23% - 20% - 11:10
4 - 13% - 10% - 6:16
Normal Defense
1 - 41% - 40% - 20:26
2 - 33% - 30% - 16:10
3 - 21% - 20% - 10:23
4 - 5% - 10% - 2:36
PP Forward
1 - 53% - 60% - 2:41
2 - 47% - 40% - 2:20
PP Defense
1 - 58% - 60% - 2:55
2 - 42% - 40% - 2:06
PK Forward
1 - 67% - 60% - 2:32
2 - 33% - 40% - 1:14
PK Defense
1 - 77% - 60% - 2:54
2 - 23% - 40% - 0:52
PK3 Forward
1 - 68% - 60% - 1:13
2 - 32% - 40% - 0:35
PK3 Defense
1 - 66% - 60% - 1:11
2 - 34% - 40% - 0:37
44 Forward
1 - 77% - 60% - 3:10
2 - 23% - 40% - 0:58
44 Defense
1 - 48% - 60% - 1:59
2 - 52% - 40% - 2:09
Last Minute Offensive - 0:00
Last Minute Defensive - 0:42
Total
Forward - 65:00
Defense - 65:00
|
Play by Play
1st period
0:01 of 1st period - Henrik Sedin wins face-off versus Chris Drury in neutral zone.
0:06 of 1st period - Wrist shot by Henrik Sedin.
0:06 of 1st period - Shot Misses the Net.
0:08 of 1st period - Wrist shot by Wojtek Wolski.
0:08 of 1st period - Deflect By Henrik Sedin.
0:08 of 1st period - Stopped by Martin Brodeur with a rebound.
0:10 of 1st period - Wrist shot by Andrew Alberts.
0:10 of 1st period - Shot Misses the Net.
0:18 of 1st period - Jason Demers is hit by Jean-Pierre Dumont and loses puck.
0:37 of 1st period - Slapshot by Henrik Sedin.
0:37 of 1st period - Shot Misses the Net.
0:48 of 1st period - Minor Penalty to Jean-Pierre Dumont for Hooking.
0:49 of 1st period - Chris Kelly wins face-off versus Pascal Dupuis in Nordiques zone.
1:59 of 1st period - Dmitry Kulikov is hit by Adam Pineault and loses puck.
2:48 of 1st period - Penalty to Jean-Pierre Dumont is over, Jean-Pierre Dumont is back on ice.
3:15 of 1st period - Wrist shot by Chris Drury.
3:15 of 1st period - Shot Blocked by Victor Oreskovich.
5:12 of 1st period - Justin Falk is hit by Vaclav Prospal and loses puck.
5:40 of 1st period - Off-side.
5:41 of 1st period - Chris Drury wins face-off versus Henrik Sedin in neutral zone.
5:53 of 1st period - Henrik Sedin is hit by R.J. Umberger and loses puck.
6:07 of 1st period - Off-side.
6:08 of 1st period - Chris Kelly wins face-off versus Jarret Stoll in neutral zone.
6:11 of 1st period - Wrist shot by Matt Cooke.
6:11 of 1st period - Stopped by Martin Brodeur without a rebound.
6:12 of 1st period - Chris Kelly wins face-off versus Vaclav Prospal in Nordiques zone.
6:17 of 1st period - Slapshot by Victor Oreskovich.
6:17 of 1st period - Goal by Victor Oreskovich - Nordiques : 0 - Bruins : 1.
6:18 of 1st period - Victor Oreskovich wins face-off versus Vaclav Prospal in neutral zone.
6:27 of 1st period - Slapshot by Chris Kelly.
6:27 of 1st period - Shot Misses the Net.
6:31 of 1st period - Snap shot by Victor Oreskovich.
6:31 of 1st period - Stopped by Martin Brodeur with a rebound.
6:33 of 1st period - Snap shot by Matt Cooke.
6:33 of 1st period - Shot Blocked by T.J. Fast.
6:45 of 1st period - Jason Demers is hit by Jean-Pierre Dumont and loses puck.
6:50 of 1st period - Snap shot by Chris Drury.
6:50 of 1st period - Shot Misses the Net.
7:14 of 1st period - Daymond Langkow is hit by Michael Ryder and loses puck.
7:33 of 1st period - Snap shot by Vaclav Prospal.
7:33 of 1st period - Stopped by Roberto Luongo with a rebound.
7:35 of 1st period - Snap shot by Kyle Calder.
7:35 of 1st period - Stopped by Roberto Luongo with a rebound.
7:37 of 1st period - Snap shot by Kyle Calder.
7:37 of 1st period - Stopped by Roberto Luongo without a rebound.
7:38 of 1st period - Chris Kelly wins face-off versus Chris Drury in Bruins zone.
7:40 of 1st period - Minor Penalty to Victor Oreskovich for Holding.
7:41 of 1st period - Wojtek Wolski wins face-off versus Nikita Kucherov in Bruins zone.
7:47 of 1st period - Jason Demers is hit by Dustin Byfuglien and loses puck.
8:40 of 1st period - Snap shot by Wojtek Wolski.
8:40 of 1st period - Stopped by Martin Brodeur with a rebound.
9:31 of 1st period - Henrik Sedin is hit by Dustin Byfuglien and loses puck.
9:40 of 1st period - Penalty to Victor Oreskovich is over, Victor Oreskovich is back on ice.
9:41 of 1st period - Off-side.
9:42 of 1st period - Michael Ryder wins face-off versus Chris Kelly in neutral zone.
9:51 of 1st period - Wrist shot by Michael Ryder.
9:51 of 1st period - Shot Blocked by Matt Cooke.
9:53 of 1st period - Wrist shot by Mark Eaton.
9:53 of 1st period - Stopped by Roberto Luongo without a rebound.
9:54 of 1st period - Chris Kelly wins face-off versus Jarret Stoll in Bruins zone.
10:03 of 1st period - Wrist shot by Victor Oreskovich.
10:03 of 1st period - Deflect By Chris Kelly.
10:03 of 1st period - Shot Misses the Net.
10:03 of 1st period - Puck is out of play.
10:04 of 1st period - Chris Kelly wins face-off versus Jarret Stoll in Nordiques zone.
10:05 of 1st period - Wrist shot by Matt Cooke.
10:05 of 1st period - Shot Misses the Net.
10:11 of 1st period - Slapshot by Michael Ryder.
10:11 of 1st period - Goal by Michael Ryder - Nordiques : 1 - Bruins : 1.
10:12 of 1st period - Chris Drury wins face-off versus Henrik Sedin in neutral zone.
10:26 of 1st period - Jason Demers is hit by R.J. Umberger and loses puck.
10:48 of 1st period - Wrist shot by Vaclav Prospal.
10:48 of 1st period - Stopped by Roberto Luongo without a rebound.
10:49 of 1st period - Dave Bolland wins face-off versus Vaclav Prospal in Bruins zone.
11:18 of 1st period - Wrist shot by Chris Drury.
11:18 of 1st period - Deflect By R.J. Umberger.
11:18 of 1st period - Shot Blocked by Wojtek Wolski.
11:18 of 1st period - Puck is out of play.
11:19 of 1st period - Chris Drury wins face-off versus Henrik Sedin in Bruins zone.
11:22 of 1st period - Wrist shot by Chris Drury.
11:22 of 1st period - Stopped by Roberto Luongo with a rebound.
11:39 of 1st period - Off-side.
11:40 of 1st period - Chris Kelly wins face-off versus Vaclav Prospal in neutral zone.
11:43 of 1st period - Wrist shot by Chris Kelly.
11:43 of 1st period - Deflect By Vaclav Prospal.
11:43 of 1st period - Stopped by Martin Brodeur without a rebound.
11:44 of 1st period - Vaclav Prospal wins face-off versus Chris Kelly in Nordiques zone.
11:46 of 1st period - Minor Penalty to Vaclav Prospal for Hooking.
11:47 of 1st period - Victor Oreskovich wins face-off versus Pascal Dupuis in Nordiques zone.
12:49 of 1st period - Minor Penalty to Nate Prosser for Hooking.
12:50 of 1st period - Chris Drury wins face-off versus Wojtek Wolski in Bruins zone.
12:51 of 1st period - Snap shot by Jean-Pierre Dumont.
12:51 of 1st period - Stopped by Roberto Luongo with a rebound.
12:53 of 1st period - Snap shot by Chris Drury.
12:53 of 1st period - Stopped by Roberto Luongo with a rebound.
13:19 of 1st period - Slapshot by Dmitry Kulikov.
13:19 of 1st period - Deflect By Jean-Pierre Dumont.
13:19 of 1st period - Shot Misses the Net.
13:19 of 1st period - Puck is out of play.
13:20 of 1st period - Wojtek Wolski wins face-off versus Nikita Kucherov in Bruins zone.
13:45 of 1st period - Slapshot by Fedor Tyutin.
13:45 of 1st period - Shot Misses the Net.
13:46 of 1st period - Penalty to Vaclav Prospal is over, Vaclav Prospal is back on ice.
13:50 of 1st period - Off-side.
13:51 of 1st period - Chris Drury wins face-off versus Wojtek Wolski in neutral zone.
13:53 of 1st period - Off-side.
13:54 of 1st period - Chris Drury wins face-off versus Wojtek Wolski in neutral zone.
13:59 of 1st period - Slapshot by Chris Drury.
13:59 of 1st period - Deflect By R.J. Umberger.
13:59 of 1st period - Stopped by Roberto Luongo with a rebound.
14:49 of 1st period - Penalty to Nate Prosser is over, Nate Prosser is back on ice.
15:03 of 1st period - Wrist shot by Viktor Stalberg.
15:03 of 1st period - Shot Misses the Net.
15:05 of 1st period - Slapshot by Andrew Alberts.
15:05 of 1st period - Deflect By Erik Condra.
15:05 of 1st period - Shot Misses the Net.
15:05 of 1st period - Puck is out of play.
15:06 of 1st period - Henrik Sedin wins face-off versus Rich Peverley in Nordiques zone.
15:11 of 1st period - Slapshot by Henrik Sedin.
15:11 of 1st period - Shot Misses the Net.
15:16 of 1st period - Off-side.
15:17 of 1st period - Chris Kelly wins face-off versus Chris Drury in neutral zone.
16:07 of 1st period - Dave Bolland is hit by Matt Moulson and loses puck.
16:12 of 1st period - Snap shot by Matt Moulson.
16:12 of 1st period - Stopped by Roberto Luongo without a rebound.
16:13 of 1st period - Chris Drury wins face-off versus Chris Kelly in Bruins zone.
16:14 of 1st period - Snap shot by Jean-Pierre Dumont.
16:14 of 1st period - Shot Misses the Net.
16:28 of 1st period - Snap shot by Chris Kelly.
16:28 of 1st period - Goal by Chris Kelly - Nordiques : 1 - Bruins : 2.
16:29 of 1st period - Chris Drury wins face-off versus Henrik Sedin in neutral zone.
16:32 of 1st period - Wojtek Wolski is hit by R.J. Umberger and loses puck.
16:45 of 1st period - Slapshot by Chris Drury.
16:45 of 1st period - Deflect By Jean-Pierre Dumont.
16:45 of 1st period - Stopped by Roberto Luongo without a rebound.
16:46 of 1st period - Chris Kelly wins face-off versus Vaclav Prospal in Bruins zone.
16:53 of 1st period - Wrist shot by Matt Cooke.
16:53 of 1st period - Shot Misses the Net.
17:01 of 1st period - Snap shot by Kyle Calder.
17:01 of 1st period - Stopped by Roberto Luongo with a rebound.
17:47 of 1st period - Jonathan Sigalet is hit by Chris Drury and loses puck.
18:13 of 1st period - Wrist shot by Kyle Calder.
18:13 of 1st period - Deflect By Viktor Stalberg.
18:13 of 1st period - Shot Misses the Net.
18:13 of 1st period - Puck is out of play.
18:14 of 1st period - Dave Bolland wins face-off versus Vaclav Prospal in Bruins zone.
18:19 of 1st period - Snap shot by Nate Prosser.
18:19 of 1st period - Shot Blocked by Fedor Tyutin.
18:21 of 1st period - Slapshot by Mark Stuart.
18:21 of 1st period - Goal by Mark Stuart - Nordiques : 1 - Bruins : 3.
18:22 of 1st period - Henrik Sedin wins face-off versus Chris Drury in neutral zone.
18:31 of 1st period - Wrist shot by Wojtek Wolski.
18:31 of 1st period - Shot Blocked by Fedor Tyutin.
18:33 of 1st period - Slapshot by Jason Demers.
18:33 of 1st period - Goal by Jason Demers - Nordiques : 1 - Bruins : 4.
18:34 of 1st period - Henrik Sedin wins face-off versus Chris Drury in neutral zone.
19:01 of 1st period - Dustin Byfuglien is hit by Victor Oreskovich and loses puck.
19:24 of 1st period - Snap shot by Michael Ryder.
19:24 of 1st period - Stopped by Roberto Luongo without a rebound.
19:25 of 1st period - Dave Bolland wins face-off versus Chris Drury in Bruins zone.
19:25 of 1st period - Dave Bolland is hit by Jean-Pierre Dumont.
19:36 of 1st period - Dave Bolland is hit by R.J. Umberger.
Goals for this period are 1 for Nordiques vs 4 for Bruins.
Shots for this period are 14 for Nordiques vs 9 for Bruins.
2nd period
0:01 of 2nd period - Henrik Sedin wins face-off versus Chris Drury in neutral zone.
0:22 of 2nd period - Dustin Byfuglien is hit by Daniel Sedin and loses puck.
0:51 of 2nd period - Andrew Alberts is hit by Kyle Calder and loses puck.
1:00 of 2nd period - Snap shot by Chris Kelly.
1:00 of 2nd period - Stopped by Martin Brodeur with a rebound.
1:02 of 2nd period - Wrist shot by Jason Demers.
1:02 of 2nd period - Stopped by Martin Brodeur without a rebound.
1:03 of 2nd period - Henrik Sedin wins face-off versus Jarret Stoll in Nordiques zone.
1:04 of 2nd period - Slapshot by Wojtek Wolski.
1:04 of 2nd period - Deflect By Henrik Sedin.
1:04 of 2nd period - Shot Blocked by Matt Moulson.
1:04 of 2nd period - Puck is out of play.
1:05 of 2nd period - Jarret Stoll wins face-off versus Henrik Sedin in Nordiques zone.
1:17 of 2nd period - Off-side.
1:18 of 2nd period - Chris Drury wins face-off versus Henrik Sedin in neutral zone.
1:38 of 2nd period - Henrik Sedin is hit by Mark Eaton and loses puck.
1:55 of 2nd period - Slapshot by Matt Cooke.
1:55 of 2nd period - Stopped by Martin Brodeur without a rebound.
1:56 of 2nd period - Chris Kelly wins face-off versus Vaclav Prospal in Nordiques zone.
1:57 of 2nd period - Wrist shot by Victor Oreskovich.
1:57 of 2nd period - Shot Misses the Net.
2:21 of 2nd period - Jason Demers is hit by Fedor Tyutin and loses puck.
2:28 of 2nd period - Backhand shot by Jean-Pierre Dumont.
2:28 of 2nd period - Shot Misses the Net.
2:30 of 2nd period - Slapshot by T.J. Fast.
2:30 of 2nd period - Stopped by Roberto Luongo with a rebound.
2:49 of 2nd period - Snap shot by Wojtek Wolski.
2:49 of 2nd period - Stopped by Martin Brodeur with a rebound.
2:51 of 2nd period - Snap shot by Henrik Sedin.
2:51 of 2nd period - Stopped by Martin Brodeur with a rebound.
2:53 of 2nd period - Wrist shot by Jason Demers.
2:53 of 2nd period - Stopped by Martin Brodeur with a rebound.
3:29 of 2nd period - Wrist shot by Vaclav Prospal.
3:29 of 2nd period - Shot Blocked by Daymond Langkow.
3:35 of 2nd period - Curtis Glencross is hit by T.J. Fast and loses puck.
4:22 of 2nd period - Wrist shot by Vaclav Prospal.
4:22 of 2nd period - Shot Blocked by Jonathan Sigalet.
4:55 of 2nd period - Icing by Vaclav Prospal.
4:56 of 2nd period - Vaclav Prospal wins face-off versus Henrik Sedin in Nordiques zone.
5:01 of 2nd period - Snap shot by Henrik Sedin.
5:01 of 2nd period - Shot Misses the Net.
5:03 of 2nd period - Snap shot by Daniel Sedin.
5:03 of 2nd period - Shot Blocked by T.J. Fast.
5:11 of 2nd period - Snap shot by Wojtek Wolski.
5:11 of 2nd period - Stopped by Martin Brodeur without a rebound.
5:12 of 2nd period - R.J. Umberger wins face-off versus Chris Kelly in Nordiques zone.
5:21 of 2nd period - Wrist shot by Jean-Pierre Dumont.
5:21 of 2nd period - Stopped by Roberto Luongo with a rebound.
5:23 of 2nd period - Snap shot by Dustin Byfuglien.
5:23 of 2nd period - Shot Blocked by Mark Stuart.
6:57 of 2nd period - Snap shot by Wojtek Wolski.
6:57 of 2nd period - Shot Blocked by Nikolai Kulemin.
8:14 of 2nd period - Snap shot by Daymond Langkow.
8:14 of 2nd period - Shot Blocked by Kyle Calder.
8:16 of 2nd period - Wrist shot by Curtis Glencross.
8:16 of 2nd period - Stopped by Martin Brodeur with a rebound.
8:18 of 2nd period - Wrist shot by Curtis Glencross.
8:18 of 2nd period - Stopped by Martin Brodeur with a rebound.
8:53 of 2nd period - Rich Peverley is hit by Henrik Sedin and loses puck.
9:04 of 2nd period - Pascal Dupuis is hit by Matt Cooke and loses puck.
9:27 of 2nd period - R.J. Umberger is hit by Mark Stuart and loses puck.
9:38 of 2nd period - Niklas Kronwall is hit by Jason Demers and loses puck.
9:53 of 2nd period - Vaclav Prospal is hit by Matt Cooke and loses puck.
10:00 of 2nd period - Mark Eaton is hit by Matt Cooke and loses puck.
10:07 of 2nd period - Justin Falk is hit by Kyle Calder and loses puck.
10:18 of 2nd period - Backhand shot by Vaclav Prospal.
10:18 of 2nd period - Shot Misses the Net.
10:42 of 2nd period - Snap shot by Nikita Kucherov.
10:42 of 2nd period - Goal by Nikita Kucherov - Nordiques : 2 - Bruins : 4.
10:43 of 2nd period - Henrik Sedin wins face-off versus Chris Drury in neutral zone.
11:35 of 2nd period - Slapshot by Rich Peverley.
11:35 of 2nd period - Stopped by Roberto Luongo without a rebound.
11:36 of 2nd period - Henrik Sedin wins face-off versus Chris Drury in Bruins zone.
12:04 of 2nd period - Snap shot by Dave Bolland.
12:04 of 2nd period - Shot Misses the Net.
12:14 of 2nd period - Wrist shot by Dave Bolland.
12:14 of 2nd period - Stopped by Martin Brodeur with a rebound.
12:16 of 2nd period - Slapshot by Nate Prosser.
12:16 of 2nd period - Shot Misses the Net.
12:38 of 2nd period - Wrist shot by Adam Pineault.
12:38 of 2nd period - Shot Misses the Net.
12:48 of 2nd period - Wrist shot by Jean-Pierre Dumont.
12:48 of 2nd period - Stopped by Roberto Luongo without a rebound.
12:49 of 2nd period - Chris Kelly wins face-off versus Jarret Stoll in Bruins zone.
13:10 of 2nd period - Icing by Dmitry Kulikov.
13:11 of 2nd period - Jarret Stoll wins face-off versus Henrik Sedin in Nordiques zone.
13:55 of 2nd period - Snap shot by Matt Moulson.
13:55 of 2nd period - Shot Blocked by Erik Condra.
13:57 of 2nd period - Wrist shot by Matt Moulson.
13:57 of 2nd period - Deflect By Michael Ryder.
13:57 of 2nd period - Shot Misses the Net.
13:57 of 2nd period - Puck is out of play.
13:58 of 2nd period - Dave Bolland wins face-off versus Chris Drury in Bruins zone.
14:25 of 2nd period - Dustin Byfuglien is hit by Andrew Alberts and loses puck.
14:54 of 2nd period - Slapshot by Rich Peverley.
14:54 of 2nd period - Shot Misses the Net.
15:00 of 2nd period - Matt Cooke is hit by Nikolai Kulemin and loses puck.
15:36 of 2nd period - Snap shot by Chris Kelly.
15:36 of 2nd period - Shot Misses the Net.
15:38 of 2nd period - Slapshot by Justin Falk.
15:38 of 2nd period - Deflect By Matt Cooke.
15:38 of 2nd period - Shot Misses the Net.
15:38 of 2nd period - Puck is out of play.
15:39 of 2nd period - Chris Drury wins face-off versus Henrik Sedin in Nordiques zone.
15:39 of 2nd period - Chris Drury is hit by Wojtek Wolski.
16:08 of 2nd period - Snap shot by Andrew Alberts.
16:08 of 2nd period - Stopped by Martin Brodeur with a rebound.
16:10 of 2nd period - Wrist shot by Viktor Stalberg.
16:10 of 2nd period - Deflect By Erik Condra.
16:10 of 2nd period - Stopped by Martin Brodeur without a rebound.
16:11 of 2nd period - Dave Bolland wins face-off versus Vaclav Prospal in Nordiques zone.
16:16 of 2nd period - Snap shot by Dave Bolland.
16:16 of 2nd period - Stopped by Martin Brodeur without a rebound.
16:17 of 2nd period - Chris Drury wins face-off versus Henrik Sedin in Nordiques zone.
16:17 of 2nd period - Chris Drury is hit by Wojtek Wolski.
16:24 of 2nd period - Off-side.
16:25 of 2nd period - Chris Drury wins face-off versus Henrik Sedin in neutral zone.
16:28 of 2nd period - Slapshot by Dmitry Kulikov.
16:28 of 2nd period - Stopped by Roberto Luongo with a rebound.
16:46 of 2nd period - Minor Penalty to R.J. Umberger for Hooking.
16:47 of 2nd period - Pascal Dupuis wins face-off versus Henrik Sedin in Nordiques zone.
17:32 of 2nd period - Slapshot by Rich Peverley.
17:32 of 2nd period - Goal by Rich Peverley - Nordiques : 3 - Bruins : 4.
17:33 of 2nd period - Pascal Dupuis wins face-off versus Henrik Sedin in neutral zone.
17:59 of 2nd period - Niklas Kronwall is hit by Chris Kelly and loses puck.
18:08 of 2nd period - Snap shot by Daniel Sedin.
18:08 of 2nd period - Shot Blocked by T.J. Fast.
18:46 of 2nd period - Penalty to R.J. Umberger is over, R.J. Umberger is back on ice.
18:48 of 2nd period - R.J. Umberger is hit by Andrew Alberts and loses puck.
19:12 of 2nd period - Minor Penalty to Erik Condra for Holding.
19:13 of 2nd period - Chris Drury wins face-off versus Wojtek Wolski in Bruins zone.
19:45 of 2nd period - Wrist shot by Jean-Pierre Dumont.
19:45 of 2nd period - Goal by Jean-Pierre Dumont - Nordiques : 4 - Bruins : 4.
19:46 of 2nd period - Chris Drury wins face-off versus Henrik Sedin in neutral zone.
19:59 of 2nd period - Chris Drury is hit by Wojtek Wolski and loses puck.
Goals for this period are 3 for Nordiques vs 0 for Bruins.
Shots for this period are 8 for Nordiques vs 13 for Bruins.
3rd period
0:01 of 3rd period - Henrik Sedin wins face-off versus R.J. Umberger in neutral zone.
1:10 of 3rd period - Nate Prosser is hit by Nikolai Kulemin.
2:38 of 3rd period - Slapshot by Jonathan Sigalet.
2:38 of 3rd period - Stopped by Martin Brodeur without a rebound.
2:39 of 3rd period - Henrik Sedin wins face-off versus Chris Drury in Nordiques zone.
2:42 of 3rd period - Snap shot by Henrik Sedin.
2:42 of 3rd period - Goal by Henrik Sedin - Nordiques : 4 - Bruins : 5.
2:43 of 3rd period - Chris Drury wins face-off versus Henrik Sedin in neutral zone.
3:49 of 3rd period - Snap shot by Dmitry Kulikov.
3:49 of 3rd period - Stopped by Roberto Luongo without a rebound.
3:50 of 3rd period - Rich Peverley wins face-off versus Daymond Langkow in Bruins zone.
3:55 of 3rd period - Wrist shot by Rich Peverley.
3:55 of 3rd period - Shot Misses the Net.
3:57 of 3rd period - Wrist shot by Pascal Dupuis.
3:57 of 3rd period - Stopped by Roberto Luongo without a rebound.
3:58 of 3rd period - Henrik Sedin wins face-off versus Chris Drury in Bruins zone.
3:58 of 3rd period - Henrik Sedin is hit by Chris Drury.
4:06 of 3rd period - Dustin Byfuglien is hit by Wojtek Wolski and loses puck.
4:23 of 3rd period - Wrist shot by Vaclav Prospal.
4:23 of 3rd period - Shot Misses the Net.
5:13 of 3rd period - Snap shot by Jean-Pierre Dumont.
5:13 of 3rd period - Shot Misses the Net.
6:09 of 3rd period - Wrist shot by Wojtek Wolski.
6:09 of 3rd period - Stopped by Martin Brodeur without a rebound.
6:10 of 3rd period - Henrik Sedin wins face-off versus Matt Moulson in Nordiques zone.
6:17 of 3rd period - Wrist shot by Henrik Sedin.
6:17 of 3rd period - Deflect By Daniel Sedin.
6:17 of 3rd period - Stopped by Martin Brodeur without a rebound.
6:18 of 3rd period - Henrik Sedin wins face-off versus Chris Drury in Nordiques zone.
6:19 of 3rd period - Backhand shot by Wojtek Wolski.
6:19 of 3rd period - Shot Misses the Net.
6:55 of 3rd period - Slapshot by Victor Oreskovich.
6:55 of 3rd period - Shot Blocked by Fedor Tyutin.
6:57 of 3rd period - Snap shot by Chris Kelly.
6:57 of 3rd period - Stopped by Martin Brodeur without a rebound.
6:58 of 3rd period - Chris Drury wins face-off versus Dave Bolland in Nordiques zone.
7:03 of 3rd period - Wrist shot by R.J. Umberger.
7:03 of 3rd period - Shot Misses the Net.
7:09 of 3rd period - Mark Eaton is hit by Dave Bolland and loses puck.
7:14 of 3rd period - Slapshot by Dave Bolland.
7:14 of 3rd period - Shot Misses the Net.
7:21 of 3rd period - Icing by Jean-Pierre Dumont.
7:22 of 3rd period - Vaclav Prospal wins face-off versus Henrik Sedin in Nordiques zone.
7:22 of 3rd period - Vaclav Prospal is hit by Daniel Sedin.
7:48 of 3rd period - Mark Eaton is hit by Andrew Alberts and loses puck.
8:07 of 3rd period - Wrist shot by Nikita Kucherov.
8:07 of 3rd period - Stopped by Roberto Luongo with a rebound.
8:09 of 3rd period - Slapshot by Dustin Byfuglien.
8:09 of 3rd period - Shot Misses the Net.
8:56 of 3rd period - Snap shot by Matt Moulson.
8:56 of 3rd period - Stopped by Roberto Luongo without a rebound.
8:57 of 3rd period - Henrik Sedin wins face-off versus Jarret Stoll in Bruins zone.
9:12 of 3rd period - Snap shot by Henrik Sedin.
9:12 of 3rd period - Stopped by Martin Brodeur with a rebound.
9:24 of 3rd period - Justin Falk is hit by Niklas Kronwall.
9:46 of 3rd period - Wrist shot by Nikolai Kulemin.
9:46 of 3rd period - Stopped by Roberto Luongo without a rebound.
9:47 of 3rd period - Dave Bolland wins face-off versus Rich Peverley in Bruins zone.
9:56 of 3rd period - Wrist shot by Viktor Stalberg.
9:56 of 3rd period - Shot Misses the Net.
10:33 of 3rd period - Slapshot by Dmitry Kulikov.
10:33 of 3rd period - Shot Misses the Net.
10:37 of 3rd period - Snap shot by Vaclav Prospal.
10:37 of 3rd period - Shot Misses the Net.
10:39 of 3rd period - Slapshot by Mark Eaton.
10:39 of 3rd period - Stopped by Roberto Luongo without a rebound.
10:40 of 3rd period - Kyle Calder wins face-off versus Chris Kelly in Bruins zone.
10:43 of 3rd period - Wrist shot by Nikita Kucherov.
10:43 of 3rd period - Stopped by Roberto Luongo with a rebound.
11:16 of 3rd period - Backhand shot by Henrik Sedin.
11:16 of 3rd period - Shot Blocked by Dustin Byfuglien.
11:40 of 3rd period - Slapshot by Andrew Alberts.
11:40 of 3rd period - Stopped by Martin Brodeur without a rebound.
11:41 of 3rd period - Chris Kelly wins face-off versus Chris Drury in Nordiques zone.
11:50 of 3rd period - Snap shot by Jean-Pierre Dumont.
11:50 of 3rd period - Stopped by Roberto Luongo with a rebound.
12:06 of 3rd period - Dmitry Kulikov is hit by Daniel Sedin.
12:10 of 3rd period - Slapshot by Mark Eaton.
12:10 of 3rd period - Stopped by Roberto Luongo with a rebound.
12:12 of 3rd period - Wrist shot by Nikita Kucherov.
12:12 of 3rd period - Stopped by Roberto Luongo without a rebound.
12:13 of 3rd period - Henrik Sedin wins face-off versus Chris Drury in Bruins zone.
13:05 of 3rd period - Wrist shot by Jarret Stoll.
13:05 of 3rd period - Shot Misses the Net.
13:09 of 3rd period - Wrist shot by Michael Ryder.
13:09 of 3rd period - Stopped by Roberto Luongo without a rebound.
13:10 of 3rd period - Chris Drury wins face-off versus Henrik Sedin in Bruins zone.
13:18 of 3rd period - Off-side.
13:19 of 3rd period - Chris Drury wins face-off versus Henrik Sedin in neutral zone.
13:52 of 3rd period - Wrist shot by Henrik Sedin.
13:52 of 3rd period - Shot Misses the Net.
13:56 of 3rd period - Snap shot by Henrik Sedin.
13:56 of 3rd period - Shot Misses the Net.
13:58 of 3rd period - Snap shot by Mark Stuart.
13:58 of 3rd period - Shot Blocked by Chris Drury.
14:00 of 3rd period - Slapshot by Nate Prosser.
14:00 of 3rd period - Deflect By Henrik Sedin.
14:00 of 3rd period - Goal by Henrik Sedin - Nordiques : 4 - Bruins : 6.
14:01 of 3rd period - Chris Kelly wins face-off versus Vaclav Prospal in neutral zone.
14:04 of 3rd period - Snap shot by Jason Demers.
14:04 of 3rd period - Shot Blocked by Fedor Tyutin.
14:26 of 3rd period - Jarret Stoll is hit by Erik Condra and loses puck.
14:35 of 3rd period - Snap shot by Dave Bolland.
14:35 of 3rd period - Goal by Dave Bolland - Nordiques : 4 - Bruins : 7.
14:36 of 3rd period - Henrik Sedin wins face-off versus Chris Drury in neutral zone.
14:41 of 3rd period - Wrist shot by Wojtek Wolski.
14:41 of 3rd period - Shot Misses the Net.
15:01 of 3rd period - Chris Kelly is hit by Fedor Tyutin and loses puck.
15:29 of 3rd period - Slapshot by Niklas Kronwall.
15:29 of 3rd period - Shot Misses the Net.
15:31 of 3rd period - Wrist shot by Matt Moulson.
15:31 of 3rd period - Goal by Matt Moulson - Nordiques : 5 - Bruins : 7.
15:32 of 3rd period - Matt Moulson wins face-off versus Dave Bolland in neutral zone.
15:45 of 3rd period - Snap shot by Michael Ryder.
15:45 of 3rd period - Stopped by Roberto Luongo without a rebound.
15:46 of 3rd period - Henrik Sedin wins face-off versus Jarret Stoll in Bruins zone.
15:46 of 3rd period - Henrik Sedin is hit by Dustin Byfuglien.
16:12 of 3rd period - Jean-Pierre Dumont is hit by Erik Condra and loses puck.
16:49 of 3rd period - Snap shot by Pascal Dupuis.
16:49 of 3rd period - Stopped by Roberto Luongo with a rebound.
17:01 of 3rd period - Snap shot by Victor Oreskovich.
17:01 of 3rd period - Shot Misses the Net.
17:03 of 3rd period - Slapshot by Justin Falk.
17:03 of 3rd period - Shot Blocked by Mark Eaton.
17:05 of 3rd period - Slapshot by Jonathan Sigalet.
17:05 of 3rd period - Deflect By Chris Kelly.
17:05 of 3rd period - Stopped by Martin Brodeur without a rebound.
17:06 of 3rd period - Jarret Stoll wins face-off versus Chris Kelly in Nordiques zone.
18:13 of 3rd period - Slapshot by Rich Peverley.
18:13 of 3rd period - Goal by Rich Peverley - Nordiques : 6 - Bruins : 7.
18:14 of 3rd period - Dave Bolland wins face-off versus Jarret Stoll in neutral zone.
18:16 of 3rd period - Andrew Alberts is hit by Mark Eaton.
18:18 of 3rd period - Wrist shot by Dave Bolland.
18:18 of 3rd period - Shot Misses the Net.
18:28 of 3rd period - Slapshot by Dave Bolland.
18:28 of 3rd period - Shot Misses the Net.
19:02 of 3rd period - Mark Eaton is hit by Nate Prosser and loses puck.
19:23 of 3rd period - Nordiques, Martin Brodeur is pulled from the net.
19:35 of 3rd period - Wrist shot by Michael Ryder.
19:35 of 3rd period - Deflect By Henrik Sedin.
19:35 of 3rd period - Stopped by Roberto Luongo with a rebound.
19:37 of 3rd period - Slapshot by Jarret Stoll.
19:37 of 3rd period - Goal by Jarret Stoll - Nordiques : 7 - Bruins : 7.
19:37 of 3rd period - Martin Brodeur from Nordiques was sent back in the game.
19:38 of 3rd period - Vaclav Prospal wins face-off versus Viktor Stalberg in neutral zone.
19:43 of 3rd period - Slapshot by Vaclav Prospal.
19:43 of 3rd period - Shot Misses the Net.
19:45 of 3rd period - Slapshot by Fedor Tyutin.
19:45 of 3rd period - Deflect By Viktor Stalberg.
19:45 of 3rd period - Stopped by Roberto Luongo without a rebound.
19:46 of 3rd period - Dave Bolland wins face-off versus Vaclav Prospal in Bruins zone.
19:48 of 3rd period - Minor Penalty to Viktor Stalberg for Roughing.
19:49 of 3rd period - Wojtek Wolski wins face-off versus Chris Drury in Bruins zone.
Goals for this period are 3 for Nordiques vs 3 for Bruins.
Shots for this period are 18 for Nordiques vs 10 for Bruins.
Overtime #1
0:01 of 1st overtime period - Wojtek Wolski wins face-off versus Chris Drury in neutral zone.
0:16 of 1st overtime period - Jason Demers is hit by Dmitry Kulikov and loses puck.
0:47 of 1st overtime period - Slapshot by Mark Stuart.
0:47 of 1st overtime period - Shot Misses the Net.
0:55 of 1st overtime period - Snap shot by Vaclav Prospal.
0:55 of 1st overtime period - Stopped by Roberto Luongo without a rebound.
0:56 of 1st overtime period - Chris Drury wins face-off versus Wojtek Wolski in Bruins zone.
1:48 of 1st overtime period - Penalty to Viktor Stalberg is over, Viktor Stalberg is back on ice.
2:08 of 1st overtime period - Slapshot by Daymond Langkow.
2:08 of 1st overtime period - Deflect By Viktor Stalberg.
2:08 of 1st overtime period - Shot Misses the Net.
2:08 of 1st overtime period - Puck is out of play.
2:09 of 1st overtime period - Wojtek Wolski wins face-off versus Chris Drury in Nordiques zone.
2:30 of 1st overtime period - R.J. Umberger is hit by Henrik Sedin and loses puck.
2:53 of 1st overtime period - Slapshot by Victor Oreskovich.
2:53 of 1st overtime period - Stopped by Martin Brodeur with a rebound.
3:36 of 1st overtime period - Chris Drury is hit by Victor Oreskovich and loses puck.
3:43 of 1st overtime period - Mark Stuart is hit by Fedor Tyutin.
3:53 of 1st overtime period - Andrew Alberts is hit by Fedor Tyutin and loses puck.
Goals for this period are 0 for Nordiques vs 0 for Bruins.
Shots for this period are 1 for Nordiques vs 1 for Bruins.
ShootOut
5:00 of 1st overtime period - Penalty Shot by R.J. Umberger for Nordiques.
5:00 of 1st overtime period - Backhand shot by R.J. Umberger.
5:00 of 1st overtime period - Stopped by Roberto Luongo.
5:00 of 1st overtime period - Penalty Shot by Wojtek Wolski for Bruins.
5:00 of 1st overtime period - Wrist shot by Wojtek Wolski.
5:00 of 1st overtime period - Stopped by Martin Brodeur.
5:00 of 1st overtime period - Penalty Shot by Chris Drury for Nordiques.
5:00 of 1st overtime period - Wrist shot by Chris Drury.
5:00 of 1st overtime period - Stopped by Roberto Luongo.
5:00 of 1st overtime period - Penalty Shot by Henrik Sedin for Bruins.
5:00 of 1st overtime period - Wrist shot by Henrik Sedin.
5:00 of 1st overtime period - Stopped by Martin Brodeur.
5:00 of 1st overtime period - Penalty Shot by Vaclav Prospal for Nordiques.
5:00 of 1st overtime period - Backhand shot by Vaclav Prospal.
5:00 of 1st overtime period - Goal by Vaclav Prospal.
5:00 of 1st overtime period - Penalty Shot by Daniel Sedin for Bruins.
5:00 of 1st overtime period - Wrist shot by Daniel Sedin.
5:00 of 1st overtime period - Goal by Daniel Sedin.
5:00 of 1st overtime period - Penalty Shot by Jean-Pierre Dumont for Nordiques.
5:00 of 1st overtime period - Backhand shot by Jean-Pierre Dumont.
5:00 of 1st overtime period - Stopped by Roberto Luongo.
5:00 of 1st overtime period - Penalty Shot by Victor Oreskovich for Bruins.
5:00 of 1st overtime period - Backhand shot by Victor Oreskovich.
5:00 of 1st overtime period - Goal by Victor Oreskovich.
Back to the Top